[Event "GambitGuide"]
[Site "Internet Chess Club"]
[Date "2014.10.30"]
[Round "1"]
[White "JSBach"]
[Black "superpuma"]
[Result "1/2-1/2"]
[ICCResult "Game drawn because neither player has mating material"]
[WhiteElo "1664"]
[BlackElo "2046"]
[Opening "Vienna: `Frankenstein-Dracula' variation"]
[ECO "C27"]
[NIC "VG.02"]
[Time "23:37:01"]
[TimeControl "120+12"]

1. e4 e5 2. Nc3 Nf6 3. Bc4 Nxe4 4. Qh5 Nd6 5. Bb3 Nc6 6. Nb5 g6 7. Qf3 f5 8.
Qd5 Qe7 9. Nxc7+ Kd8 10. Nxa8 b6 11. Ba4 Bb7 12. Nxb6 axb6 13. Qb3 Kc7 14.
Ne2 Ne4 15. Qb5 Nc5 16. O-O Ba6 17. Nc3 Bxb5 18. Nd5+ Kb7 19. Nxe7 Bxa4 20.
Nxc6 Bxc6 21. b4 Ne6 22. Bb2 Bg7 23. Rae1 d6 24. f3 Ra8 25. a3 e4 26. Bxg7
Nxg7 27. fxe4 Rxa3 28. exf5 Nxf5 29. g4 Nh4 30. Rf7+ Ka6 31. Kf1 h5 32. gxh5
gxh5 33. Ree7 Rf3+ 34. Ke2 Rxf7 35. Rxf7 Kb5 36. Rf4 Ng6 37. Rf5+ Kxb4 38.
Rf6 Ne5 39. Rxd6 Kc5 40. Re6 Kd5 41. Rf6 b5 42. Rf5 Bd7 43. Rf6 Bg4+ 44. Ke3
Nc4+ 45. Kd3 Ke5 46. Rf8 Bf5+ 47. Kc3 Nd6 48. d3 h4 49. Rh8 h3 50. Rg8 Kd5
51. Rg3 Be6 52. Rg1 Kc5 53. Kd2 b4 54. Rg6 Bd5 55. Rh6 Bg2 56. Rg6 Nb5 57.
Rg5+ Kb6 58. Rg4 Kc5 59. Rc4+ Kd5 60. Rxb4 Nd4 61. c4+ Kc5 62. Kc3 Ne2+ 63.
Kb3 Kd4 64. Kc2 Nf4 65. c5+ Ke5 66. Rb6 Bf1 67. Rd6 Ne6 68. Rd7 Bg2 69. d4+
Nxd4+ 70. Kc3 Ne6 71. Kb4 Nd4 72. Kc4 Bf1+ 73. Kc3 Nf3 74. c6 Ke6 75. Rd8
Ba6 76. Ra8 Bb5 77. c7 Bd7 78. Ra2 Bc8 79. Rf2 Ng5 80. Rf8 Kd7 81. Rf5 Ne4+
82. Kd4 Nd6 83. Rc5 Ne8 84. Rc3 Kd6 85. Rf3 Nxc7 86. Kd3 Be6 87. Rf1 Ke5 88.
Re1+ Kf5 89. Rc1 Nd5 90. Rf1+ Kg5 91. Ke4 Nb4 92. Rg1+ Bg4 93. Kd4 Nc2+ 94.
Ke4 Nb4 95. Rf1 Nc6 96. Rg1 Ne7 97. Kd3 Kf4 98. Re1 Nf5 99. Re4+ Kf3 100.
Re2 Kf4 101. Rd2 Nh4 102. Kc4 Nf3 103. Rc2 Ke3 104. Kb4 Bf5 105. Ra2 Bd3
106. Rb2 Be2 107. Rb3+ Kf2 108. Kc5 Nxh2 109. Rxh3 Nf3 110. Rxf3+ Kxf3
{Game drawn because neither player has mating material}
1/2-1/2

[Event "GambitGuide"]
[Site "Internet Chess Club"]
[Date "2014.10.30"]
[Round "1"]
[White "JSBach"]
[Black "boveymvp"]
[Result "1-0"]
[ICCResult "Black resigns"]
[WhiteElo "1664"]
[BlackElo "1577"]
[Opening "Vienna: `Frankenstein-Dracula' variation"]
[ECO "C27"]
[NIC "VG.02"]
[Time "23:45:09"]
[TimeControl "120+12"]

1. e4 e5 2. Nc3 Nf6 3. Bc4 Nxe4 4. Qh5 Nd6 5. Bb3 Nc6 6. Nb5 g6 7. Qf3 f5 8.
Qd5 Qe7 9. Nxc7+ Kd8 10. Nxa8 b6 11. Ba4 b5 12. Bxb5 Nxb5 13. Qxb5 Qc5 14.
Qxc5 Bxc5 15. d3 Bb7 16. d4 Nxd4 17. Bg5+ Kc8 18. O-O-O Bxg2 19. Bf6 Re8 20.
Nh3 Bxh1 21. Rxh1 Re6 22. Bg5 Kb7 23. c3 Nf3 24. Rd1 d6 25. b4 Kxa8 26. bxc5
dxc5 27. Rd7 e4 28. Be3 {Black resigns} 1-0

[Event "GambitGuide"]
[Site "Internet Chess Club"]
[Date "2014.10.30"]
[Round "1"]
[White "JSBach"]
[Black "Propugnator"]
[Result "1-0"]
[ICCResult "Black checkmated"]
[WhiteElo "1664"]
[BlackElo "1795"]
[Opening "Vienna: `Frankenstein-Dracula' variation"]
[ECO "C27"]
[NIC "VG.02"]
[Time "23:42:56"]
[TimeControl "120+12"]

1. e4 e5 2. Nc3 Nf6 3. Bc4 Nxe4 4. Qh5 Nd6 5. Bb3 Nc6 6. Nb5 g6 7. Qf3 f5 8.
Qd5 Qe7 9. Nxc7+ Kd8 10. Nxa8 b6 11. Ba4 Bb7 12. Nxb6 axb6 13. Qb3 b5 14.
Nf3 bxa4 15. Qxa4 e4 16. Nd4 Nxd4 17. Qxd4 Bg7 18. Qc5 Qe5 19. Qxe5 Bxe5 20.
a4 Nc4 21. c3 Ba6 22. b4 Ke7 23. b5 Bb7 24. a5 Rc8 25. a6 Ba8 26. h4 Nb6 27.
Bb2 Nc4 28. Ba3+ d6 29. h5 g5 30. Ke2 f4 31. Rhe1 Nxd2 32. b6 f3+ 33. Kxd2
Bxc3+ 34. Ke3 Bxe1 35. b7 Bxf2+ 36. Kxf2 Bxb7 37. axb7 Rb8 38. Rd1 Rxb7 39.
Bxd6+ Ke6 40. gxf3 exf3 41. Bc5 g4 42. Rd2 Rb1 43. h6 Rh1 44. Rd3 Ke5 45.
Kg3 Kf5 46. Rd5+ Ke4 47. Rd4+ Kf5 48. Rxg4 Rxh6 49. Rf4+ Ke5 50. Bd4+ Kd5
51. Kxf3 Rh3+ 52. Kg4 Rd3 53. Bg7 Rd2 54. Rf7 Rg2+ 55. Kf3 Rg1 56. Kf2 Rb1
57. Rf5+ Ke6 58. Rh5 Kf7 59. Bd4 Kg6 60. Rd5 h5 61. Rd6+ Kf5 62. Rh6 Kg4 63.
Rg6+ Kh3 64. Rg3+ Kh2 65. Be5 Rb2+ 66. Bxb2 h4 67. Rd3 h3 68. Be5+ Kh1 69.
Rxh3# {Black checkmated} 1-0

[Event "GambitGuide"]
[Site "Internet Chess Club"]
[Date "2014.10.30"]
[Round "1"]
[White "JSBach"]
[Black "boveymvp"]
[Result "1-0"]
[ICCResult "Black resigns"]
[WhiteElo "1664"]
[BlackElo "1577"]
[Opening "Vienna: `Frankenstein-Dracula' variation"]
[ECO "C27"]
[NIC "VG.02"]
[Time "23:46:54"]
[TimeControl "120+12"]

1. e4 e5 2. Nc3 Nf6 3. Bc4 Nxe4 4. Qh5 Nd6 5. Bb3 Nc6 6. Nb5 g6 7. Qf3 f5 8.
Qd5 Qe7 9. Nxc7+ Kd8 10. Nxa8 b6 11. Ba4 b5 12. Bxb5 Nxb5 13. Qxb5 Qc5 14.
Qxc5 Bxc5 15. d3 Bb7 16. d4 Nxd4 17. Bg5+ Kc8 18. Bf6 Re8 19. Kd2 Bxg2 20.
c3 Nc6 21. Nh3 Bxh1 22. Rxh1 Kb7 23. b4 Bf8 24. b5 Na5 25. Re1 d6 26. Ng5
Bh6 27. h4 Kxa8 28. Kd3 Kb7 29. Nxh7 Re6 30. Rg1 e4+ 31. Ke2 Nc4 32. Rxg6
Ne5 33. Rxh6 {Black resigns} 1-0

[Event "GambitGuide"]
[Site "Internet Chess Club"]
[Date "2014.10.30"]
[Round "1"]
[White "JSBach"]
[Black "Propugnator"]
[Result "1-0"]
[ICCResult "Black resigns"]
[WhiteElo "1664"]
[BlackElo "1795"]
[Opening "Vienna: `Frankenstein-Dracula' variation"]
[ECO "C27"]
[NIC "VG.02"]
[Time "23:47:52"]
[TimeControl "120+12"]

1. e4 e5 2. Nc3 Nf6 3. Bc4 Nxe4 4. Qh5 Nd6 5. Bb3 Nc6 6. Nb5 g6 7. Qf3 f5 8.
Qd5 Qe7 9. Nxc7+ Kd8 10. Nxa8 b6 11. Ba4 Bb7 12. Nxb6 axb6 13. Qb3 b5 14.
Nf3 bxa4 15. Qxa4 Bg7 16. O-O e4 17. Ne1 Qe5 18. d3 exd3 19. Nxd3 Qb5 20.
Qxb5 Nxb5 21. Re1 Re8 22. Bg5+ Ne7 23. Rad1 h6 24. Nc5 Bc6 25. Ne6+ Kc8 26.
Nxg7 {Black resigns} 1-0

[Event "GambitGuide"]
[Site "Internet Chess Club"]
[Date "2014.10.30"]
[Round "1"]
[White "JSBach"]
[Black "superpuma"]
[Result "0-1"]
[ICCResult "White checkmated"]
[WhiteElo "1664"]
[BlackElo "2046"]
[Opening "Vienna: `Frankenstein-Dracula' variation"]
[ECO "C27"]
[NIC "VG.02"]
[Time "23:46:36"]
[TimeControl "120+12"]

1. e4 e5 2. Nc3 Nf6 3. Bc4 Nxe4 4. Qh5 Nd6 5. Bb3 Nc6 6. Nb5 g6 7. Qf3 f5 8.
Qd5 Qe7 9. Nxc7+ Kd8 10. Nxa8 b6 11. Ba4 Bb7 12. Nxb6 axb6 13. Qb3 Kc7 14.
Ne2 Ne4 15. Qb5 Nc5 16. O-O Ba6 17. Nc3 Bxb5 18. Nd5+ Kb7 19. Nxe7 Bxa4 20.
Nxc6 Bxc6 21. f3 Bg7 22. Kf2 d5 23. Ke2 e4 24. Rf2 Re8 25. f4 d4 26. Rb1 d3+
27. cxd3 exd3+ 28. Kd1 Ne4 29. Rf3 Nc5 30. Rh3 h5 31. Rg3 Re6 32. b3 Bh6 33.
Rh3 Bxf4 34. Rh4 Bg5 35. Rb4 Bxg2 36. Rxb6+ Rxb6 37. Bb2 Bf3+ 38. Ke1 Bh4+
39. Kf1 Be2+ 40. Kg1 Rb4 41. Kg2 Rg4+ 42. Kh3 Bg5 43. Bc3 Bf3 44. Rg1 Rxg1
45. Bd4 Bg4# {White checkmated} 0-1

[Event "GambitGuide"]
[Site "Internet Chess Club"]
[Date "2014.10.30"]
[Round "1"]
[White "JSBach"]
[Black "Propugnator"]
[Result "1-0"]
[ICCResult "Black resigns"]
[WhiteElo "1664"]
[BlackElo "1795"]
[Opening "Vienna: `Frankenstein-Dracula' variation"]
[ECO "C27"]
[NIC "VG.02"]
[Time "23:48:55"]
[TimeControl "120+12"]

1. e4 e5 2. Nc3 Nf6 3. Bc4 Nxe4 4. Qh5 Nd6 5. Bb3 Nc6 6. Nb5 g6 7. Qf3 f5 8.
Qd5 Qe7 9. Nxc7+ Kd8 10. Nxa8 b6 11. Ba4 Bb7 12. Nxb6 axb6 13. Qb3 b5 14.
Nf3 bxa4 15. Qxa4 Bh6 16. O-O e4 17. Nd4 Nxd4 18. Qxd4 Nb5 19. Qxh8+
{Black resigns}
1-0

[Event "GambitGuide"]
[Site "Internet Chess Club"]
[Date "2014.10.30"]
[Round "1"]
[White "JSBach"]
[Black "Totoro"]
[Result "1-0"]
[ICCResult "Black checkmated"]
[WhiteElo "1664"]
[BlackElo "1531"]
[Opening "Vienna: `Frankenstein-Dracula' variation"]
[ECO "C27"]
[NIC "VG.02"]
[Time "23:46:38"]
[TimeControl "120+12"]

1. e4 e5 2. Nc3 Nf6 3. Bc4 Nxe4 4. Qh5 Nd6 5. Bb3 Nc6 6. Nb5 g6 7. Qf3 f5 8.
Qd5 Qe7 9. Nxc7+ Kd8 10. Nxa8 b6 11. Ba4 Bb7 12. Nxb6 axb6 13. Qb3 b5 14. d3
bxa4 15. Qxa4 h5 16. Ne2 Bh6 17. Bxh6 Rxh6 18. Nc3 Qe6 19. O-O h4 20. Rae1
g5 21. f4 g4 22. fxe5 Nf7 23. Qf4 h3 24. g3 Ncxe5 25. Re3 Qc6 26. Kf2 Nf3
27. a4 d6 28. Qxf5 N7e5 29. Qf8+ Kc7 30. Qxh6 Nxh2 31. Rg1 Nhf3 32. Rf1 Ba6
33. Qf8 Bxd3 34. Qe7+ Kb6 35. cxd3 Nxd3+ 36. Rxd3 Ne5 37. Nd5+ Kc5 38. Rc1+
Nc4 39. b4# {Black checkmated} 1-0

[Event "GambitGuide"]
[Site "Internet Chess Club"]
[Date "2014.10.30"]
[Round "1"]
[White "JSBach"]
[Black "superpuma"]
[Result "1-0"]
[ICCResult "Black resigns"]
[WhiteElo "1664"]
[BlackElo "2046"]
[Opening "Vienna: `Frankenstein-Dracula' variation"]
[ECO "C27"]
[NIC "VG.02"]
[Time "23:49:10"]
[TimeControl "120+12"]

1. e4 e5 2. Nc3 Nf6 3. Bc4 Nxe4 4. Qh5 Nd6 5. Bb3 Nc6 6. Nb5 g6 7. Qf3 f5 8.
Qd5 Qe7 9. Nxc7+ Kd8 10. Nxa8 b6 11. Ba4 Bb7 12. Nxb6 axb6 13. Qb3 Kc7 14.
Ne2 Ne4 15. d3 Nc5 16. Qa3 Qh4 17. Bxc6 dxc6 18. g3 Qg4 19. Qc3 Bg7 20. Bf4
Re8 21. Be3 Qf3 22. Rg1 Na4 23. Qb3 Nxb2 24. Qf7+ {Black resigns} 1-0

[Event "GambitGuide"]
[Site "Internet Chess Club"]
[Date "2014.10.30"]
[Round "1"]
[White "JSBach"]
[Black "RamRock"]
[Result "1-0"]
[ICCResult "Black resigns"]
[WhiteElo "1664"]
[BlackElo "1685"]
[Opening "Vienna: `Frankenstein-Dracula' variation"]
[ECO "C27"]
[NIC "VG.02"]
[Time "23:50:14"]
[TimeControl "120+12"]

1. e4 e5 2. Nc3 Nf6 3. Bc4 Nxe4 4. Qh5 Nd6 5. Bb3 Nc6 6. Nb5 g6 7. Qf3 f5 8.
Qd5 Qe7 9. Nxc7+ Kd8 10. Nxa8 b6 11. Ba4 Bb7 12. Nxb6 axb6 13. Qb3 Qe6 14.
Qxb6+ Kc8 15. d3 e4 16. Be3 exd3 17. cxd3 f4 18. Bxc6 dxc6 19. Qd4 fxe3 20.
Qxh8 exf2+ 21. Kxf2 Qf5+ 22. Nf3 c5 23. Qe5 Qd7 24. Qxc5+ Kb8 25. Qb6 Bg7
26. Rac1 Nc8 27. Qb3 Bd4+ 28. Ke1 Qe7+ 29. Kd1 Ka7 30. Nxd4 Bxg2 31. Nb5+
{Black resigns}
1-0

[Event "GambitGuide"]
[Site "Internet Chess Club"]
[Date "2014.10.30"]
[Round "1"]
[White "JSBach"]
[Black "superpuma"]
[Result "1-0"]
[ICCResult "Black resigns"]
[WhiteElo "1664"]
[BlackElo "2046"]
[Opening "Vienna: `Frankenstein-Dracula' variation"]
[ECO "C27"]
[NIC "VG.02"]
[Time "23:50:43"]
[TimeControl "120+12"]

1. e4 e5 2. Nc3 Nf6 3. Bc4 Nxe4 4. Qh5 Nd6 5. Bb3 Nc6 6. Nb5 g6 7. Qf3 f5 8.
Qd5 Qe7 9. Nxc7+ Kd8 10. Nxa8 b6 11. Ba4 Bb7 12. Nxb6 axb6 13. Qb3 Kc7 14.
Ne2 Ne4 15. d3 Nc5 16. Qa3 e4 17. Bf4+ d6 18. Bxc6 Bxc6 19. d4 Ne6 20. Qa7+
Bb7 21. Bg3 Bh6 22. Nc3 Qd7 23. Nd5+ Kc6 24. Qxb6+ Kxd5 25. c4+ Kxc4 26.
Qb3+ Kxd4 27. Qc3+ Kd5 28. Rd1+ {Black resigns} 1-0

[Event "GambitGuide"]
[Site "Internet Chess Club"]
[Date "2014.10.30"]
[Round "1"]
[White "JSBach"]
[Black "RamRock"]
[Result "1-0"]
[ICCResult "Black resigns"]
[WhiteElo "1664"]
[BlackElo "1685"]
[Opening "Vienna: `Frankenstein-Dracula' variation"]
[ECO "C27"]
[NIC "VG.02"]
[Time "23:51:35"]
[TimeControl "120+12"]

1. e4 e5 2. Nc3 Nf6 3. Bc4 Nxe4 4. Qh5 Nd6 5. Bb3 Nc6 6. Nb5 g6 7. Qf3 f5 8.
Qd5 Qe7 9. Nxc7+ Kd8 10. Nxa8 b6 11. Ba4 Bb7 12. Nxb6 axb6 13. Qb3 b5 14.
Nf3 bxa4 15. Qxa4 e4 16. Nd4 Nxd4 17. Qxd4 Bg7 18. Qc5 Ke8 19. a4 Kf7 20.
Qb4 Bc6 21. a5 f4 22. Qb3+ Qe6 23. Qxe6+ Kxe6 24. a6 Ra8 25. Rg1 g5 26. h3
h6 27. Ra3 Bd4 28. b4 Nb5 29. Ra5 Bb6 30. Ra2 d6 31. c4 Nc7 32. b5 Bxb5 33.
cxb5 Nxb5 34. Rb2 Rxa6 35. Rxb5 Bc5 36. Bb2 Ba3 37. Bg7 Bc5 38. Ke2 Ra3 39.
Bxh6 e3 40. Bxg5 exf2 41. Rd1 Rg3 42. d4 Rxg5 43. dxc5 Rxc5 44. Rxc5 dxc5
45. Kf3 Kf5 46. Ke2 Ke6 47. Kxf2 {Black resigns} 1-0

[Event "GambitGuide"]
[Site "Internet Chess Club"]
[Date "2014.10.30"]
[Round "1"]
[White "JSBach"]
[Black "boveymvp"]
[Result "1/2-1/2"]
[ICCResult "White stalemated"]
[WhiteElo "1664"]
[BlackElo "1577"]
[Opening "Vienna: `Frankenstein-Dracula' variation"]
[ECO "C27"]
[NIC "VG.02"]
[Time "23:47:57"]
[TimeControl "120+12"]

1. e4 e5 2. Nc3 Nf6 3. Bc4 Nxe4 4. Qh5 Nd6 5. Bb3 Nc6 6. Nb5 g6 7. Qf3 f5 8.
Qd5 Qe7 9. Nxc7+ Kd8 10. Nxa8 b6 11. Ba4 b5 12. Bxb5 Nxb5 13. Qxb5 Qc5 14.
Qxc5 Bxc5 15. c3 Bb7 16. d4 exd4 17. b4 Be7 18. b5 Na5 19. Bd2 Nc4 20. cxd4
Bxg2 21. Rc1 Nxd2 22. Nc7 Bxh1 23. Ke2 Ne4 24. f3 Nd6 25. Kf2 Bg5 26. Rc5
Nb7 27. Rc4 Bf4 28. Nd5 Bd6 29. h4 Re8 30. Ra4 Bb8 31. Nf6 Re7 32. Nd5 Re8
33. Rc4 Nd6 34. Rc5 h6 35. a4 g5 36. hxg5 hxg5 37. Nf6 Re6 38. Nh7 Rg6 39.
Nh3 g4 40. Nf8 Rg8 41. Rc1 gxh3 42. Rxh1 Rxf8 43. Rxh3 Nc4 44. Rh7 Nd6 45.
Rh5 Nc4 46. Rh6 Nb2 47. Ra6 Nd3+ 48. Ke3 Nb4 49. Rg6 Nd5+ 50. Kf2 Nc3 51.
Ra6 Kc8 52. Ke3 Kb7 53. Kd3 Nd5 54. Rh6 Rf6 55. Rh7 Kc7 56. a5 Kd6 57. a6
Bc7 58. Rg7 Bb6 59. Rg5 Nb4+ 60. Kc4 Nc2 61. Rg7 Ne3+ 62. Kd3 Nd5 63. Rh7
Re6 64. Kc4 Ne3+ 65. Kd3 Nd1 66. Rh5 Nb2+ 67. Kd2 f4 68. Rf5 Bxd4 69. b6
axb6 70. a7 Re8 71. Rg5 Be3+ 72. Kc3 Na4+ 73. Kb4 Nc5 74. Kb5 Kc7 75. Rg2
Ra8 76. Rg6 Rxa7 77. Rxb6 Rb7 78. Rxb7+ Nxb7 79. Kc4 Nd6+ 80. Kd5 Nf5 81.
Ke5 Nh4 82. Ke4 d5+ 83. Kxd5 Nxf3 84. Kc4 Ng5 85. Kd3 Kd6 86. Ke2 Kd5 87.
Kd3 Bc5 88. Kc3 f3 89. Kd2 f2 90. Ke2 Ne4 91. Kf1 Ng3+ 92. Kg2 Ne2 93. Kh2
Nc3 94. Kg2 Ke4 95. Kf1 Ke3 96. Kg2 Ke2 97. Kg3 f1=Q 98. Kg4 Qa1 99. Kf4 Kd3
100. Kg4 Ke3 101. Kf5 Ne4 102. Ke6 Qa8 103. Ke5 Bd4+ 104. Ke6 Kf4 105. Kf7
Qa4 106. Ke7 Ke5 107. Kd8 Kd6 108. Kc8 Qd1 109. Kb7 Bc5 110. Kc8 Kc6 111.
Kb8 Nd6 112. Ka8 Nc4 113. Kb8 Bb6 114. Kc8 Nd6+ 115. Kb8 Bc5 116. Ka8 Nb5
117. Kb8 Nc7 118. Kc8 Ba7 {White stalemated} 1/2-1/2

[Event "GambitGuide"]
[Site "Internet Chess Club"]
[Date "2014.10.30"]
[Round "1"]
[White "JSBach"]
[Black "superpuma"]
[Result "0-1"]
[ICCResult "White checkmated"]
[WhiteElo "1664"]
[BlackElo "2046"]
[Opening "Vienna: `Frankenstein-Dracula' variation"]
[ECO "C27"]
[NIC "VG.02"]
[Time "23:52:26"]
[TimeControl "120+12"]

1. e4 e5 2. Nc3 Nf6 3. Bc4 Nxe4 4. Qh5 Nd6 5. Bb3 Nc6 6. Nb5 g6 7. Qf3 f5 8.
Qd5 Qe7 9. Nxc7+ Kd8 10. Nxa8 b6 11. Ba4 Bb7 12. Nxb6 axb6 13. Qb3 Kc7 14.
Ne2 Ne4 15. Qb5 Nc5 16. O-O Ba6 17. Nc3 Bxb5 18. Nd5+ Kb7 19. Nxe7 Bxa4 20.
Nxc6 Bxc6 21. b4 Na6 22. Bb2 Nxb4 23. Bxe5 Rg8 24. Rfc1 Bg7 25. Bxg7 Rxg7
26. a3 Na6 27. h4 Nc5 28. Re1 Ne6 29. Re3 f4 30. Ree1 f3 31. g4 Rf7 32. h5
Rf4 33. Kh2 Rxg4 34. hxg6 Rxg6 35. Kh1 Nf4 36. Re7 Rh6+ 37. Kg1 Nh3+ 38. Kf1
Ng5 39. Kg1 Rh4 40. Rae1 Rg4+ 41. Kf1 Nh3 42. Rg7 Rxg7 43. d3 Rg1#
{White checkmated}
0-1

[Event "GambitGuide"]
[Site "Internet Chess Club"]
[Date "2014.10.30"]
[Round "1"]
[White "JSBach"]
[Black "Jamdowner"]
[Result "1-0"]
[ICCResult "Black disconnected and forfeits"]
[WhiteElo "1664"]
[BlackElo "1080"]
[Opening "Vienna: `Frankenstein-Dracula' variation"]
[ECO "C27"]
[NIC "VG.02"]
[Time "23:53:58"]
[TimeControl "120+12"]

1. e4 e5 2. Nc3 Nf6 3. Bc4 Nxe4 4. Qh5 Nd6 5. Bb3 Nc6 6. Nb5 g6 7. Qf3 f5 8.
Qd5 Qe7 9. Nxc7+ Kd8 10. Nxa8 b6 11. Ba4 b5 12. Bxb5 Bb7 13. Bxc6
{Black disconnected and forfeits}
1-0

[Event "GambitGuide"]
[Site "Internet Chess Club"]
[Date "2014.10.30"]
[Round "1"]
[White "JSBach"]
[Black "RamRock"]
[Result "1-0"]
[ICCResult "Black resigns"]
[WhiteElo "1664"]
[BlackElo "1685"]
[Opening "Vienna: `Frankenstein-Dracula' variation"]
[ECO "C27"]
[NIC "VG.02"]
[Time "23:53:29"]
[TimeControl "120+12"]

1. e4 e5 2. Nc3 Nf6 3. Bc4 Nxe4 4. Qh5 Nd6 5. Bb3 Nc6 6. Nb5 g6 7. Qf3 f5 8.
Qd5 Qe7 9. Nxc7+ Kd8 10. Nxa8 b6 11. Ba4 Bb7 12. Nxb6 axb6 13. Qb3 b5 14.
Nf3 bxa4 15. Qxa4 Bg7 16. O-O Ke8 17. Re1 e4 18. d4 Kf7 19. Bg5 Bf6 20. Bh6
Bg7 21. Qb3+ Ke8 22. Bxg7 Qxg7 23. Qd5 Qe7 24. c3 Nb4 25. Qe5 Qxe5 26. Nxe5
Nc2 27. a4 Nxe1 28. Rxe1 Ba6 29. b4 Nc4 30. b5 Nxe5 31. dxe5 Bb7 32. a5 Ke7
33. a6 Rb8 34. axb7 Rxb7 35. c4 Ke6 36. f4 exf3 37. gxf3 Rc7 38. Rc1 Kxe5
39. Kf1 d5 40. b6 Rb7 41. c5 Ke6 42. c6 Rxb6 43. c7 {Black resigns} 1-0

[Event "GambitGuide"]
[Site "Internet Chess Club"]
[Date "2014.10.30"]
[Round "1"]
[White "JSBach"]
[Black "superpuma"]
[Result "1-0"]
[ICCResult "Black resigns"]
[WhiteElo "1664"]
[BlackElo "2046"]
[Opening "Vienna: `Frankenstein-Dracula' variation"]
[ECO "C27"]
[NIC "VG.02"]
[Time "23:54:30"]
[TimeControl "120+12"]

1. e4 e5 2. Nc3 Nf6 3. Bc4 Nxe4 4. Qh5 Nd6 5. Bb3 Nc6 6. Nb5 g6 7. Qf3 f5 8.
Qd5 Qe7 9. Nxc7+ Kd8 10. Nxa8 b6 11. Ba4 Bb7 12. Nxb6 axb6 13. Qb3 Kc7 14.
Ne2 Ne4 15. Qb5 Nc5 16. O-O Ba6 17. Nc3 Bxb5 18. Nd5+ Kb7 19. Nxe7 Bxa4 20.
Nxc6 Bxc6 21. b4 Ne4 22. f3 Nf6 23. Bb2 d6 24. d4 Nd7 25. c4 Bg7 26. b5 Bxf3
27. Rxf3 exd4 28. Rf4 Rc8 29. Bxd4 Bh6 30. Rh4 {Black resigns} 1-0

[Event "GambitGuide"]
[Site "Internet Chess Club"]
[Date "2014.10.30"]
[Round "1"]
[White "JSBach"]
[Black "RamRock"]
[Result "1-0"]
[ICCResult "Black resigns"]
[WhiteElo "1660"]
[BlackElo "1685"]
[Opening "Vienna: `Frankenstein-Dracula' variation"]
[ECO "C27"]
[NIC "VG.02"]
[Time "23:55:03"]
[TimeControl "120+12"]

1. e4 e5 2. Nc3 Nf6 3. Bc4 Nxe4 4. Qh5 Nd6 5. Bb3 Nc6 6. Nb5 g6 7. Qf3 f5 8.
Qd5 Qe7 9. Nxc7+ Kd8 10. Nxa8 b6 11. Ba4 Bb7 12. Nxb6 axb6 13. Qb3 b5 14.
Nf3 bxa4 15. Qxa4 e4 16. Nd4 Nxd4 17. Qxd4 Bg7 18. Qa7 Ke8 19. a4 Kf7 20. a5
Ra8 21. Qe3 Ba6 22. Qb6 Nc8 23. Qb3+ Qe6 24. Qxe6+ Kxe6 25. c3 d5 26. b4 Nd6
27. h4 h5 28. Bb2 Nc4 29. Rb1 Nxb2 30. Rxb2 Be5 31. b5 Bc8 32. a6 Bxa6 33.
bxa6 Rxa6 34. Ke2 d4 35. Rc1 dxc3 36. dxc3 Rc6 37. Rb3 Kd5 38. Rb5+ Rc5 39.
c4+ Kc6 40. Rxc5+ Kxc5 41. Rc2 Bd4 42. Rc1 Bf6 43. g3 g5 44. hxg5 Bxg5 45.
Rc3 f4 46. Rc2 e3 47. gxf4 Bxf4 48. fxe3 Bg5 49. e4 h4 50. e5 h3 51. Kf3 h2
52. Rxh2 Be7 53. Rh7 Bd8 54. e6 Kd6 55. Rd7+ Kxe6 56. Rxd8 {Black resigns}
1-0

[Event "GambitGuide"]
[Site "Internet Chess Club"]
[Date "2014.10.30"]
[Round "1"]
[White "JSBach"]
[Black "Ernie1"]
[Result "1-0"]
[ICCResult "Black resigns"]
[WhiteElo "1660"]
[BlackElo "1381"]
[Opening "Vienna: `Frankenstein-Dracula' variation"]
[ECO "C27"]
[NIC "VG.02"]
[Time "23:55:54"]
[TimeControl "120+12"]

1. e4 e5 2. Nc3 Nf6 3. Bc4 Nxe4 4. Qh5 Nd6 5. Bb3 Nc6 6. Nb5 g6 7. Qf3 f5 8.
Qd5 Qe7 9. Nxc7+ Kd8 10. Nxa8 b6 11. Ba4 Bb7 12. Nxb6 axb6 13. Qb3 Qg5 14.
Qxb6+ Kc8 15. g3 Ne4 16. d3 Bc5 17. Bxg5 Bxb6 18. dxe4 fxe4 19. c4
{Black resigns}
1-0

[Event "GambitGuide"]
[Site "Internet Chess Club"]
[Date "2014.10.30"]
[Round "1"]
[White "JSBach"]
[Black "Totoro"]
[Result "1-0"]
[ICCResult "Black resigns"]
[WhiteElo "1660"]
[BlackElo "1531"]
[Opening "Vienna: `Frankenstein-Dracula' variation"]
[ECO "C27"]
[NIC "VG.02"]
[Time "23:49:51"]
[TimeControl "120+12"]

1. e4 e5 2. Nc3 Nf6 3. Bc4 Nxe4 4. Qh5 Nd6 5. Bb3 Nc6 6. Nb5 g6 7. Qf3 f5 8.
Qd5 Qe7 9. Nxc7+ Kd8 10. Nxa8 b6 11. Ba4 Bb7 12. Nxb6 axb6 13. Qb3 b5 14.
Nf3 bxa4 15. Qxa4 Kc7 16. O-O Bg7 17. Re1 Ra8 18. Qb3 e4 19. d3 Qf6 20. Ng5
h6 21. Nh7 Qf7 22. Qxf7 Nxf7 23. dxe4 Rh8 24. exf5 gxf5 25. g4 fxg4 26. Re4
Rxh7 27. Rxg4 Nfe5 28. Bf4 d6 29. Bxe5 Bxe5 30. c3 Rg7 31. Rxg7+ Bxg7 32. f4
Ne7 33. Re1 Nf5 34. a4 Kd7 35. a5 Ba6 36. h3 d5 37. Rd1 Kd6 38. Kf2 Kc5 39.
Rg1 Kc4 40. Re1 Kb3 41. Re6 Bc4 42. a6 Bxa6 43. Rb6+ Kc2 44. Rxa6 Kxb2 45.
Ra5 Ne7 46. Ra7 Bf6 47. Rc7 Kb3 48. Kf3 h5 49. Ke2 h4 50. Kd3 Ng6 51. Rb7+
Ka4 52. Rb4+ Ka5 53. f5 Ne7 54. Rf4 Kb5 55. Rf2 Kc5 56. Rf4 Kd6 57. Rf2 Ke5
58. Rc2 Nxf5 59. Rf2 Ng3 60. c4 d4 61. c5 Be7 62. c6 Bd6 63. Rf7 Ne4 64. c7
Nc5+ 65. Ke2 d3+ 66. Kd2 Kd4 67. c8=Q Ne4+ 68. Kd1 Nc3+ 69. Ke1 Bg3+ 70. Kf1
d2 71. Qd8+ Ke3 72. Qg5+ Kd3 73. Rd7+ {Black resigns} 1-0

[Event "GambitGuide"]
[Site "Internet Chess Club"]
[Date "2014.10.30"]
[Round "1"]
[White "JSBach"]
[Black "ehus33"]
[Result "1-0"]
[ICCResult "Black resigns"]
[WhiteElo "1660"]
[BlackElo "1196"]
[Opening "Vienna: `Frankenstein-Dracula' variation"]
[ECO "C27"]
[NIC "VG.02"]
[Time "23:56:24"]
[TimeControl "120+12"]

1. e4 e5 2. Nc3 Nf6 3. Bc4 Nxe4 4. Qh5 Nd6 5. Bb3 Nc6 6. Nb5 g6 7. Qf3 f5 8.
Qd5 Qe7 9. Nxc7+ Kd8 10. Nxa8 b6 11. Ba4 Bb7 12. Nxb6 axb6 13. Qb3 b5 14. d3
bxa4 15. Qxa4 Bg7 16. Be3 Ke8 17. Rd1 Kf7 18. Qb3+ Kf8 19. Bc5 Qf6 20. Qxb7
{Black resigns}
1-0

[Event "GambitGuide"]
[Site "Internet Chess Club"]
[Date "2014.10.30"]
[Round "1"]
[White "JSBach"]
[Black "Ernie1"]
[Result "1-0"]
[ICCResult "Black resigns"]
[WhiteElo "1660"]
[BlackElo "1381"]
[Opening "Vienna: `Frankenstein-Dracula' variation"]
[ECO "C27"]
[NIC "VG.02"]
[Time "23:56:52"]
[TimeControl "120+12"]

1. e4 e5 2. Nc3 Nf6 3. Bc4 Nxe4 4. Qh5 Nd6 5. Bb3 Nc6 6. Nb5 g6 7. Qf3 f5 8.
Qd5 Qe7 9. Nxc7+ Kd8 10. Nxa8 b6 11. Ba4 Bb7 12. Nxb6 axb6 13. Qb3 Kc7 14.
Nf3 e4 15. Ng1 Nd4 16. Qc3+ Bc6 17. Qxd4 Bxa4 18. Qxh8 {Black resigns} 1-0

[Event "GambitGuide"]
[Site "Internet Chess Club"]
[Date "2014.10.30"]
[Round "1"]
[White "JSBach"]
[Black "climb512"]
[Result "0-1"]
[ICCResult "White checkmated"]
[WhiteElo "1660"]
[BlackElo "1836"]
[Opening "Vienna: `Frankenstein-Dracula' variation"]
[ECO "C27"]
[NIC "VG.02"]
[Time "23:55:51"]
[TimeControl "120+12"]

1. e4 e5 2. Nc3 Nf6 3. Bc4 Nxe4 4. Qh5 Nd6 5. Bb3 Nc6 6. Nb5 g6 7. Qf3 f5 8.
Qd5 Qe7 9. Nxc7+ Kd8 10. Nxa8 b6 11. Ba4 Bb7 12. Nxb6 axb6 13. Qb3 Kc7 14.
Ne2 f4 15. Nc3 Nd4 16. Nd5+ Bxd5 17. Qxd5 Bg7 18. Bb3 e4 19. c3 Nc6 20. O-O
Be5 21. Bc2 Re8 22. Bxe4 Nxe4 23. Qxe4 Qh4 24. d4 Bd6 25. Qxe8 f3 26. g3 Qh3
27. Qxd7+ Qxd7 28. Re1 Qh3 29. Re7+ Nxe7 30. Be3 Qg2# {White checkmated} 0-1